 Dungeon Crawl Stone Soup version 0.28-a0-1227-ga9037bb4c8 (webtiles) character file.

Game seed: 10134369036689384430

68 ChaosChampion the Insei (level 4, 0/29 HPs)
             Began as an Octopode Transmuter on Dec 22, 2021.
             Slain by an adder (4 damage)
             ... on level 3 of the Dungeon.
             The game lasted 00:01:32 (2795 turns).

ChaosChampion the Insei (Octopode Transmuter)       Turns: 2795, Time: 00:01:33

Health: 0/29       AC:  1    Str:  9    XL:     4   Next: 19%
Magic:  7/7        EV: 13    Int: 17    God:
Gold:   115        SH:  0    Dex: 12    Spells: 1/7 levels left

rFire   . . .      SeeInvis .     - Unarmed
rCold   . . .      Faith    .   (no shield)
rNeg    . . .      Spirit   .   (helmet restricted)
rPois   .          Reflect  .   i - amulet of magic regeneration
rElec   .          Harm     .   j - ring of resist corrosion
rCorr   +          Rampage  .   (no ring)
Will    .....                   (no ring)
Stlth   ++........              (no ring)
HPRegen 0.09/turn               (no ring)
MPRegen 0.50/turn               (no ring)
                                (no ring)
                                (no ring)

@: no status effects
A: almost no armour, amphibious, 8 rings, camouflage 1, gelatinous body 1,
(nimble swimmer 1), tentacles
a: no special abilities


You were on level 3 of the Dungeon.
You visited 1 branch of the dungeon, and saw 3 of its levels.

You collected 115 gold pieces.

Inventory:

Magical Staves
 e - a staff of air
Jewellery
 i - an amulet of magic regeneration (around mantle)
 j - a ring of resist corrosion (left tentacle)
 k - a ring of magical power
Scrolls
 b - a scroll of enchant weapon {unknown}
 c - 3 scrolls of identify {unknown}
 d - a scroll of magic mapping {unknown}
 f - a scroll of vulnerability {unknown}
Potions
 a - a potion of might {unknown}
 g - a potion of magic {unknown}
 h - a potion of curing {unknown}


   Skills:
 + Level 2.0 Fighting
 + Level 2.6 Dodging
 * Level 4.1 Unarmed Combat
 - Level 2.0 Spellcasting
 - Level 2.0 Transmutations


You had one spell level left.
You knew the following spells:

 Your Spells              Type           Power      Damage    Failure   Level
a - Beastly Appendage     Tmut           16%        N/A       9%          1
b - Wereblood             Tmut           8%         N/A       13%         2
c - Spider Form           Tmut/Pois      5%         N/A       36%         3

Your spell library contained the following spells:

 Spells                   Type           Power      Damage    Failure   Level
 Ice Form                 Ice/Tmut       5%         N/A       77%         4


Dungeon Overview and Level Annotations

Branches:
Dungeon (3/15)

Altars:


Innate Abilities, Weirdness & Mutations

You cannot wear most types of armour.
You are amphibious.
You can wear up to eight rings at the same time.
Your skin changes colour to match your surroundings (Stealth+).
Your rubbery body absorbs attacks. (AC +1, EV +1)
((You are camouflaged when in or above water. (Stealth+)))
You have tentacles for arms and can constrict up to eight enemies at once.


Message History

2 orcs come into view.
Found a scroll labelled ROTOIC XIST.
The orc hits you with a +0 hand axe.
The orc moves out of view. x2
The orc shouts!
You tentacle-slap the orc. You grab the orc. You tentacle-slap the orc.
You kill the orc!
You hear an angry hiss.
An adder comes into view.
An orc wizard comes into view. It is wielding a +0 dagger.
You see here a +0 hand axe.
The orc shouts! x2
The orc misses you.
You tentacle-slap the orc but do no damage.
You grab the orc.
You constrict the orc, but do no damage.
The orc hits you with a +0 morningstar.
You closely miss the adder. Your grab misses the adder.
Your squeeze misses the adder. You constrict the orc.
The adder barely misses you.
The orc wizard casts a spell.
The orc wizard flickers and vanishes!
Deactivating autopickup; reactivate with Ctrl-A.
The orc misses you.
You tentacle-slap the orc but do no damage.
You squeeze the orc.
You kill the orc!
The adder bites you. The orc hits you with a +0 hand axe.
The adder barely misses you.
You closely miss the adder. Your grab misses the adder.
The orc hits you with a +0 hand axe. The adder bites you.
You are too injured to fight recklessly!
You are too injured to fight recklessly!
There are monsters nearby!
You see here a +0 hand axe.
A frilled lizard comes into view.
A magic dart appears from out of thin air!
The magic dart hits you!
* * * LOW HITPOINT WARNING * * *
The adder bites you.
You die...

### ..# #?#
#.########### # ##
#.##........#
##.#.###.#...#####.#
#........o.#...# #<#
.......#)#S..#.# #.#
.......oo##@##.# #.#
.#....)#r##.# # #.#
##...##.##.# #.#
...... l.##.# #.#
..... ...... #.#
##### ####.. ..# #..
#.##


You could see an adder and an orc.

Vanquished Creatures
  2 adders (D:2)
  2 worms (D:2)
  2 orcs (D:3)
  2 endoplasms (D:1)
  2 giant cockroaches
  12 goblins
  4 hobgoblins (D:2)
  2 ball pythons
  3 bats
  A frilled lizard (D:2)
  3 kobolds (D:1)
  2 rats (D:1)
37 creatures vanquished.

Vanquished Creatures (others)
  6 plants (D:2)
6 creatures vanquished.

Grand Total: 43 creatures vanquished

Notes
Turn   | Place    | Note
-------+----------+-------------------------------------------
     0 | D:1      | ChaosChampion the Octopode Transmuter began the quest for
                  | the Orb.
     0 | D:1      | Reached XP level 1. HP: 13/13 MP: 3/3
   171 | D:1      | Reached XP level 2. HP: 18/18 MP: 3/5
   529 | D:1      | Found a faded altar of an unknown god.
  1025 | D:2      | Reached XP level 3. HP: 22/23 MP: 4/6
  1028 | D:2      | Learned a level 2 spell: Wereblood
  1032 | D:2      | Learned a level 3 spell: Spider Form
  2181 | D:2      | Reached skill level 4 in Unarmed Combat
  2181 | D:2      | Reached XP level 4. HP: 9/29 MP: 7/7
  2795 | D:3      | Slain by an adder

Illustrated notes

Levels and vault maps discovered:
D:1:      matt_arrival_refuge, layout_loops_ring,
          hellmonk_ecumenical_altar_prayer_group, minmay_misc_feat_diagonals,
          minmay_tromino_v4_a
D:2:      cheibrodos_greedy_goblins, layout_basic, serial_bayou,
          serial_bayou_pond_a, serial_bayou_pond_c, serial_bayou_lake_a,
          serial_bayou_shore_b
D:3:      layout_loops_ring, mainiacjoe_overflow_concentric_impassable

Skill      XL: |  1  2  3 |
---------------+----------+-----
Fighting       | 2 |  2.0
Unarmed Combat | 4 |  4.1
Dodging        | |  2.6
Spellcasting   | |  2.0
Transmutations | |  2.0

Action                   |  1- 3 |  4- 6 || total
-------------------------+-------+-------++-------
Melee: Unarmed           |    78 |     6 ||    84
       Kick              |    14 |       ||    14
       Constrict         |    18 |     2 ||    20
       Tentacles         |    13 |     1 ||    14
       Punch             |     1 |     1 ||     2
 Cast: Beastly Appendage |    14 |     1 ||    15
       Wereblood         |     3 |       ||     3
 Stab: Sleeping          |     5 |     1 ||     6
Armor: Skin              |     6 |       ||     6
Dodge: Dodged            |    51 |     4 ||    55

Table legend: (Time is in decaauts)
 A = Elapsed time spent in this place.
 B = Non-inter-level travel time spent in this place.
 C = Inter-level travel time spent in this place.
 D = Time resting spent in this place.
 E = Time spent auto-exploring this place.
 F = Levels seen in this place.
 G = Mean time per level.
                   A        B        C        D        E       F      G
               +--------+--------+--------+--------+--------+-----+--------+
         Total |   2788 |   2709 |     79 |    542 |   1886 |   3 |  929.3 |
       Dungeon |   2788 |   2709 |     79 |    542 |   1886 |   3 |  929.3 |
               +--------+--------+--------+--------+--------+-----+--------+

Top non-repeatable levels by time:
     D:2: 1792 daAuts
     D:1: 974 daAuts
     D:3: 21 daAuts
